Map: Orbital Shipyard

Players

capac

  • Race: Terran Terran
  • League: Gold

Bombit - Winner!

  • Race: Terran Terran
  • League: Platinum

VOD

Have the link to the VOD?

Description

Time

  • Played on: March 6, 2016, 9:36 a.m.
  • Length: 15:35
Show
View Real Time Build Order
Export as new Build Order

capac Terran 

Build Orders:  

Get SALT Encoding   

  12  0:00  SCV  
  13  0:13  SCV  
  14  0:17  Supply Depot  
  14  0:25  SCV  
  15  0:39  SCV  
  15  0:41  Barracks  
  16  0:48  Refinery  
  16  0:51  SCV  
  17  1:03  SCV  
  18  1:15  SCV  
  19  1:27  SCV  
  20  1:33  Reaper  
  22  1:43  Orbital Command  
  22  1:44  Supply Depot  
  21  1:53  Command Center  
  21  2:09  SCV  
  21  2:11  Barracks Reactor  
  21  2:14  Barracks  
  22  2:22  Refinery  
  22  2:37  Factory  
  22  2:39  SCV  
  22  2:42  Engineering Bay  
  23  2:51  Marine x2, SCV  
  26  3:16  Marine x2  
  27  3:23  Factory Tech Lab  
  27  3:25  Starport  
  27  3:30  Orbital Command, Missile Turret  
  27  3:38  Marine  
  27  3:39  Marine  
  29  3:42  Siege Tank  
  29  3:44  SCV, Missile Turret  
  33  3:56  SCV  
  33  3:57  Marine x2  
  36  4:03  Medivac  
  36  4:09  Supply Depot  
  38  4:10  SCV x2  
  40  4:18  Marine  
  40  4:20  Marine  
  40  4:22  SCV x2  
  44  4:34  SCV x2  
  44  4:37  Medivac  
  48  4:39  Siege Tank  
  48  4:40  Marine x2  
  53  4:45  Supply Depot  
  53  5:10  Starport Reactor  
  53  5:29  SCV x2  
  53  5:31  Siege Tank  
  58  5:37  Refinery x2  
  58  5:38  Marine  
  58  5:39  Marine  
  58  5:41  SCV x2  
  62  5:46  Barracks  
  62  5:47  Barracks  
  62  5:53  Barracks  
  62  6:00  Viking x2  
  62  6:01  Supply Depot  
  66  6:05  SCV x2  
  68  6:23  Supply Depot x2, Siege Tank  
  66  7:06  Marine x2  
  66  7:07  Barracks Reactor  
  66  7:08  Barracks Reactor  
  63  7:10  Barracks Reactor  
  63  7:14  Supply Depot  
  63  7:15  Supply Depot  
  63  7:16  Command Center  
  63  7:20  Barracks Tech Lab  
  63  7:22  Siege Tank  
  66  7:23  Viking x2  
  66  7:24  Marine x2  
  72  7:41  Marine  
  72  7:42  Marine  
  72  7:43  Starport  
  74  7:44  Stimpack  
  74  7:45  Marine x5  
  79  7:59  Marine  
  79  8:01  Marine  
  79  8:02  Marine  
  79  8:03  Marine  
  83  8:07  Missile Turret  
  83  8:08  Missile Turret  
  83  8:14  Supply Depot  
  83  8:15  Supply Depot  
  83  8:16  Marine x3  
  86  8:29  Medivac x2  
  90  8:39  Supply Depot  
  90  8:42  Supply Depot  
  90  8:48  Starport Reactor  
  90  8:51  Missile Turret  
  90  8:53  Refinery  
  90  8:59  Siege Tank  
  90  9:02  Medivac  
  95  9:04  SCV  
  65  9:27  Marine x4  
  65  9:28  Marine  
  67  9:54  Liberator x2  
  67  10:05  Siege Tank  
  76  10:14  Liberator  
  76  10:15  Liberator  
  76  10:27  Supply Depot, Marine x3  
  76  10:28  Marine x4  
  82  10:30  Supply Depot  
  87  10:56  Liberator x2  
  87  10:57  Liberator  
  95  11:20  Medivac  
  97  11:32  Marine x6  
  101  11:33  Marine  
  101  11:34  Siege Tank  
  107  12:01  Marine x4  
  107  12:02  Marine x3  
  107  12:03  Medivac x4  
  122  12:11  SCV x2  
  124  12:19  Marine x6  
  124  12:20  Marine  
  131  12:23  SCV  
  131  12:25  Orbital Command  
  132  12:40  Medivac x2  
  132  12:43  Missile Turret  
  136  12:50  Marine x2  
  136  12:51  Marine x4  
  140  12:57  SCV x2  
  144  13:07  Siege Tank  
  147  13:16  SCV x2  
  147  13:17  SCV  
  147  13:18  Marine x4  
  147  13:19  Marine x3  
  157  13:43  Liberator  
  157  13:56  Supply Depot  
  157  13:57  Supply Depot  
  157  13:59  Siege Tank  
  157  14:02  Marine x3  
  167  14:03  Marine x3  
  167  14:08  Medivac x2  
  173  14:15  Medivac  
  175  14:38  Medivac x2  
  179  15:14  Marine  
  179  15:15  Marine x5  
Show
View Real Time Build Order
Export as new Build Order

Bombit Terran - Winner!

Build Orders: MMM Bio 

Get SALT Encoding   

  12  0:01  SCV  
  13  0:13  SCV  
  14  0:18  Supply Depot  
  14  0:25  SCV  
  15  0:39  SCV  
  15  0:42  Barracks  
  16  0:46  Refinery  
  16  0:52  SCV  
  17  1:04  SCV  
  18  1:16  SCV  
  19  1:36  Marine, Orbital Command  
  20  1:52  Command Center  
  20  1:54  Marine  
  20  1:58  Factory  
  21  2:05  SCV  
  21  2:21  Barracks Reactor  
  21  2:27  Supply Depot  
  21  2:36  SCV  
  22  2:40  Refinery  
  22  2:43  Factory Tech Lab  
  22  2:48  SCV  
  23  3:17  Orbital Command  
  23  3:18  Siege Tank  
  23  3:19  Marine x2  
  28  3:22  Barracks  
  28  3:23  SCV  
  28  3:24  Barracks  
  29  3:31  Starport  
  29  3:35  SCV  
  30  3:42  Marine x2  
  30  3:46  SCV  
  30  3:47  SCV  
  34  4:01  SCV  
  35  4:08  Medivac  
  37  4:10  Barracks Tech Lab  
  37  4:11  Barracks Tech Lab  
  37  4:13  SCV  
  37  4:15  SCV  
  39  4:17  Supply Depot  
  39  4:19  Marine x2  
  41  4:26  Siege Tank  
  41  4:30  SCV x2  
  46  4:31  Refinery  
  46  4:38  Marine x4  
  46  4:39  Supply Depot  
  46  4:45  Supply Depot  
  50  4:46  Stimpack  
  50  4:49  SCV x2  
  52  4:56  Marine  
  53  5:02  Marine  
  53  5:03  Marine, Combat Shields  
  53  5:05  SCV x2  
  57  5:08  Supply Depot  
  57  5:17  Command Center  
  57  5:25  Engineering Bay  
  57  5:27  SCV  
  57  5:28  Engineering Bay  
  58  5:29  SCV  
  59  5:45  Marine x4  
  59  5:49  Medivac  
  65  5:50  Siege Tank  
  65  5:51  SCV x2  
  70  6:03  Marine x3, SCV  
  70  6:04  Marine  
  75  6:09  Terran Infantry Weapons Level 1  
  75  6:10  Terran Infantry Armor Level 1  
  75  6:16  Missile Turret  
  75  6:18  Missile Turret  
  75  6:26  Missile Turret  
  75  6:35  Missile Turret  
  67  7:10  Marauder x2, Marine x2  
  73  7:22  Missile Turret  
  73  7:23  Missile Turret  
  73  7:25  Missile Turret  
  73  7:26  Missile Turret  
  73  7:28  SCV x2  
  76  7:30  Marine  
  76  7:31  Marine x2  
  76  7:32  Starport Reactor  
  78  7:38  Supply Depot  
  78  7:40  SCV  
  78  7:42  Armory  
  79  7:46  Marine, Siege Tank  
  79  7:48  Marine  
  84  7:53  SCV x2  
  84  7:54  Barracks  
  84  7:55  Orbital Command  
  86  8:05  SCV  
  87  8:11  Marine x3  
  90  8:21  Medivac x2  
  90  8:24  Marine  
  95  8:29  Marine x2  
  97  8:38  Marine  
  97  8:39  Siege Tank  
  101  8:43  Barracks Reactor  
  101  8:44  Supply Depot  
  101  8:46  Supply Depot  
  101  8:48  Terran Infantry Weapons Level 2, Terran Infantry Armor Level 2  
  101  8:51  Missile Turret  
  101  9:06  Marine x4  
  99  9:21  Marine x2  
  99  9:23  Marine  
  102  9:25  Siege Tank, Medivac x2  
  102  9:28  Supply Depot  
  102  9:29  Supply Depot  
  109  9:32  SCV x2  
  109  9:33  SCV  
  112  9:44  SCV  
  106  10:11  Barracks  
  106  10:14  Barracks  
  106  10:15  Barracks  
  106  10:16  Sensor Tower  
  106  10:30  Marine x4  
  110  10:38  Supply Depot, SCV x3  
  113  10:50  SCV x3  
  113  10:53  Command Center  
  113  11:11  Marine x3  
  108  11:12  Marine x3  
  108  11:17  Barracks Tech Lab x2, Barracks Reactor  
  113  11:20  SCV x3  
  113  11:21  Siege Tank  
  113  11:24  Medivac x2  
  113  11:25  Factory  
  123  11:26  Terran Vehicle And Ship Armor Level 1  
  123  11:27  Terran Infantry Weapons Level 3  
  123  11:28  Marine  
  123  11:32  SCV  
  125  11:35  Marine x2  
  125  11:36  Marauder x3, Marine  
  125  11:37  Marauder  
  136  11:44  Refinery  
  136  11:46  Marine  
  137  11:47  Refinery  
  137  11:52  Refinery  
  137  11:53  Marine x2  
  139  11:54  Marine  
  139  11:58  Sensor Tower  
  140  12:05  Marauder, Siege Tank  
  145  12:11  Factory Tech Lab  
  145  12:13  Viking  
  147  12:18  Marine  
  147  12:19  Marauder x3, Marine x2  
  156  12:29  Concussive Shells  
  156  12:31  Supply Depot  
  156  12:32  Supply Depot  
  156  12:35  Marauder, Marine x3, SCV x2  
  156  12:36  Marine  
  164  12:52  Marine x6  
  170  12:59  Supply Depot  
  170  13:00  Siege Tank  
  173  13:17  Planetary Fortress  
  173  13:24  Missile Turret  
  173  13:25  Missile Turret  
  173  13:28  Missile Turret  
  173  13:30  Supply Depot  
  173  13:32  SCV  
  173  13:33  SCV x2  
  176  13:44  Sensor Tower  
  176  13:45  SCV x3  
  179  13:52  Medivac x2  
  183  13:57  SCV  
  183  14:00  Starport  
  184  14:31  Marine x2  
  185  14:36  SCV  
  187  14:41  Command Center  
  187  14:43  Command Center  
  187  14:49  SCV x2, Missile Turret  
  187  14:50  Starport Reactor  
  189  15:01  Refinery, Missile Turret  
  189  15:06  Supply Depot  
  189  15:07  Supply Depot  
  189  15:11  Barracks  
  189  15:13  Barracks  
Tags
 
Composition
MMM Bio
Matchup
TvT
Race
Terran
Add a new tag
Caveats
  • Supply blocks, unpowered buildings, or Contaminate may cause inaccurate times.
  • Supply counts are checked every 10 seconds.